 Dungeon Crawl Stone Soup version 0.31.0-32-g396128a36d (webtiles) character file.

Game seed: 1738929127172042946

13 Dadi the Cudgeller (level 2, 24/24 HPs)
             Began as a Demonspawn Berserker on Mar 27, 2024.
             Was a Follower of Trog.
             Got out of the dungeon alive.
             The game lasted 00:02:08 (996 turns).

Dadi the Cudgeller (Demonspawn Berserker)            Turns: 996, Time: 00:02:09

Health: 24/24      AC: 10    Str: 17    XL:     2   Next: 24%
Magic:  2/2        EV:  8    Int:  7    God:    Trog [*.....]
Gold:   50         SH:  0    Dex: 12    Spells: 1/1 levels left

rFire   . . .        m - +0 great sword
rCold   . . .        (shield currently unavailable)
rNeg    . . .        h - +0 chain mail
rPois   .            (no helmet)
rElec   .            f - +0 cloak
rCorr   .            g - +0 pair of gloves
SInv    .            (no boots)
Will    .....        (no amulet) Stlth
                     (no ring)
HPRegen 0.24/turn    (no ring)
MPRegen 0.08/turn

%: no passive effects
@: no status effects
A: sanguine armour 1
a: Renounce Religion, Berserk


You escaped.
You worshipped Trog.
Trog was aware of your devotion.
You visited 1 branch of the dungeon, and saw 1 of its levels.

You collected 50 gold pieces.

Inventory:

Hand Weapons
 a - a +0 mace
 i - a +1 whip of electrocution
 m - a +0 great sword (weapon)
Armour
 b - a +0 animal skin
 f - a +0 cloak (worn)
 g - a +0 pair of gloves (worn)
 h - a +0 chain mail (worn)
Scrolls
 d - a scroll of blinking {unknown}
 e - a scroll of enchant armour {unknown}
 j - a scroll of enchant weapon {unknown}
 k - a scroll of noise {unknown}
 l - a scroll of identify {unknown}
Potions
 c - a potion of curing {unknown}


   Skills:
 - Level 3.0 Fighting
 + Level 0.7 Long Blades
 - Level 3.2 Maces & Flails
 - Level 1.7 Armour
 - Level 1.7 Dodging


You had one spell level left.
You didn't know any spells.
Your spell library was empty.

Dungeon Overview and Level Annotations

Branches:
Dungeon (1/15)

Altars:


Innate Abilities, Weirdness & Mutations

When seriously injured, your blood forms armour. (AC +0)


Message History

You closely miss the jackal.
The jackal bites you but does no damage. x2
You barely miss the jackal. The jackal completely misses you.
The jackal barely misses you.
The jackal bites you but does no damage.
You slash the jackal!
You kill the jackal!
Trog accepts your kill.
The jackal bites you but does no damage.
The jackal bites you.
You slash the jackal!
You kill the jackal!
Trog accepts your kill. The jackal barely misses you. The jackal bites you.
Your blood congeals into armour.
You closely miss the jackal. The jackal barely misses you.
The jackal bites you but does no damage.
You slash the jackal!
You kill the jackal!
Trog accepts your kill.
Your blood armour dries and flakes away.
No target in view!
No target in view!
No target in view!
No target in view!
No target in view!
No target in view!
No target in view!
No target in view!
No target in view!
No target in view!
No target in view!
No target in view!
No target in view!
No target in view!
No target in view!
No target in view!
There is a staircase leading out of the dungeon here.
Alright, then stay!
You have escaped!

.........................'.......
......).#..######......###.......
#####..##..# #.###..# ##..>... #
#.###..### #.# #..# ##.....
#........# #.# #.## ##...#
#####.##.########## ########
#.##.#.......# #...##..
#.##.#.#####.#####.#.#### ##
#.##...#@..#...#...#...#. .#####
#.####.###.#.#.#.#####.#.
#.>..####....#...#...#.....# #...
..........##.###.#########.######
####.#######.....# #.#..(..#...
.....# ###.### #.#.###.#.##
###### #...# #...# #...#. #.###
###.#.###.###. #...###
#...#...).#...


There were no monsters in sight!

Vanquished Creatures
  An endoplasm (D:1)
  A goblin (D:1)
  A hobgoblin (D:1)
  4 jackals (D:1)
  A ball python (D:1)
  2 bats (D:1)
  2 rats (D:1)
12 creatures vanquished.

Notes
Turn   | Place    | Note
-------+----------+-------------------------------------------
     0 | D:1      | Dadi the Demonspawn Berserker began the quest for the Orb.
     0 | D:1      | Reached XP level 1. HP: 18/18 MP: 1/1
   604 | D:1      | Found a faded altar of an unknown god.
   940 | D:1      | Gained mutation: When seriously injured, your blood forms
                  | armour. (AC +0) [demonic ancestry]
   940 | D:1      | Reached XP level 2. HP: 20/24 MP: 2/2
   996 | D:$      | Got out of the dungeon alive.

Illustrated notes

Levels and vault maps discovered:
D:1:      elethiomel_arrival_maze, layout_loops_corners, serial_forest,
          infiniplex_forest_side_room, infiniplex_forest_straight_3,
          infiniplex_forest_corner_2, infiniplex_forest_clump_medium,
          infiniplex_forest_straight_2, chequers_ecumenical_altar_grove

Skill      XL: |  1 |
---------------+----+-----
Maces & Flails | 3 |  3.2
Fighting       | |  3.0
Long Blades    | |  0.7
Armour         | |  1.7
Dodging        | |  1.7

Action                     || total
---------------------------++-------
  Melee: Whip              ||    10
         Mace              ||     9
         Great sword       ||    10
 Armour: Chain mail        ||    16
         Animal skin       ||     6
  Dodge: Dodged            ||    22
